 Dungeon Crawl Stone Soup version 0.20.1-1-g8b1a95d (webtiles) character file.

147802 poxvuibr the Eclecticist (level 16, -3/97 HPs)
             Began as a Deep Elf Wizard on Oct 9, 2017.
             Was a High Priest of Vehumet.
             Slain by an eight-headed hydra (11 damage)
             ... on level 4 of the Swamp on Oct 14, 2017.
             The game lasted 04:56:20 (54389 turns).

poxvuibr the Eclecticist (Deep Elf Wizard)         Turns: 54389, Time: 04:56:21

Health: -3/97      AC: 14    Str:  4    XL:     16   Next: 92%
Magic:  2/40       EV: 11    Int: 33    God:    Vehumet [*****.]
Gold:   1999       SH:  4    Dex:  8    Spells: 23/52 levels left

rFire    + . .     SeeInvis +   u - staff of summoning
rCold    . . .     Gourm    .   M - +0 buckler
rNeg     . . .     Faith    .   v - +3 troll leather armour {Snorg}
rPois    +         Spirit   .   (helmet restricted)
rElec    .         Reflect  .   (no cloak)
rCorr    .         Harm     .   i - +0 pair of gloves
MR       +....                  L - +2 pair of boots
Stlth    ..........             (no amulet)
Regen    0.7/turn               j - ring "Nereegut" {rPois rF+ Dex-5 Stlth-}
MPRegen  0.3/turn               Y - ring of see invisible

@: lethally poisoned (-3 -> -3), very slow
A: horns 1, molten scales 1, clever 1, sense surroundings 1
a: Renounce Religion


You were on level 4 of the Swamp.
You worshipped Vehumet.
Vehumet was extremely pleased with you.
You were very hungry.

You visited 6 branches of the dungeon, and saw 29 of its levels.

You collected 2387 gold pieces.
You spent 388 gold pieces at shops.

Inventory:

Hand Weapons
 W - the +4 trident "Diriwyrph" {drain, +Blink MR+ SInv, unknown}
   (You found it on level 1 of the Swamp)

   A truly terrible weapon, it drains the life of those it strikes.
   It affects your resistance to hostile enchantments.
   It lets you see invisible.
   It lets you blink.
Armour
 i - a +0 pair of gloves (worn)
 k - a +2 robe of fire resistance
 l - the cursed +0 helmet of Cetteoc {rC+ Dex+2, unknown}
   (You found it on level 14 of the Dungeon)

   It affects your dexterity (+2).
   It protects you from cold.
   It has a curse placed upon it.
 v - a +3 troll leather armour (worn) {Snorg}
 J - the +5 scale mail of Parlour Games {Int+2 Stlth+, unknown}
   (You found it on level 14 of the Dungeon)

   It affects your intelligence (+2).
   It makes you more stealthy.
 L - a +2 pair of boots (worn)
 M - a +0 buckler (worn)
 O - a +2 robe of magic resistance
Magical Staves
 u - an uncursed staff of summoning (weapon)
 A - an uncursed staff of power {unknown}
Jewellery
 j - the ring "Nereegut" (left hand) {rPois rF+ Dex-5 Stlth-}
   (You found it on level 10 of the Dungeon)

   [ring of loudness]

   It affects your dexterity (-5).
   It protects you from fire.
   It protects you from poison.
   It makes you less stealthy.
 p - an uncursed ring of protection from fire
 D - the amulet "Bieceeb" {Inacc *Drain rElec rN+++ Dex-4}
   (You found it on level 3 of the Swamp)

   [amulet of inaccuracy]

   It reduces the accuracy of all your attacks.
   It affects your dexterity (-4).
   It insulates you from electricity.
   It renders you almost immune to negative energy.
   It causes draining when unequipped.
 G - a cursed ring of protection from fire
 I - an uncursed ring of wizardry
 K - the cursed ring of Dinit {*Corrode rElec rPois Str-3 Slay+5, unknown}
   (You found it on level 4 of the Swamp)

   [ring of strength]

   It affects your strength (-3).
   It affects your accuracy and damage with ranged weapons and melee attacks
   (+5).
   It insulates you from electricity.
   It protects you from poison.
   It may corrode you when you take damage.
   It has a curse placed upon it.
 N - an uncursed ring of flight
 X - an uncursed ring of magical power {unknown}
 Y - a ring of see invisible (right hand)
Wands
 e - a wand of iceblast (4/15)
 g - a wand of random effects (18/48)
 h - a wand of lightning (6/15)
 T - a wand of disintegration (8/24)
Scrolls
 a - 3 scrolls of magic mapping
 n - a scroll of fog
 o - 11 scrolls of remove curse
 q - 6 scrolls of recharging
 s - a scroll of vulnerability {unknown}
 t - 2 scrolls of teleportation
 y - 2 scrolls of random uselessness {unknown}
 z - 2 scrolls of immolation
 E - 2 scrolls of enchant armour
 H - a scroll of amnesia
 Q - a scroll of acquirement
 R - a scroll of brand weapon
Potions
 b - 3 potions of haste
 f - 5 potions of resistance
 m - 9 potions of curing
 r - 9 potions of brilliance
 w - 3 potions of flight
 x - a potion of cancellation {unknown}
 B - 2 potions of agility
 C - 2 potions of lignification
 Z - a potion of heal wounds
Books
 c - a book of Necromancy

   Spells                             Type                      Level
   a - Pain                           Necromancy                   1
   b - Animate Skeleton               Necromancy                   1
   c - Vampiric Draining              Necromancy                   3
   d - Regeneration                   Charms/Necromancy            3
   e - Animate Dead                   Necromancy                   4
   f - Control Undead                 Necromancy                   4
 U - a book of Unlife

   Spells                             Type                      Level
   a - Recall                         Summoning/Translocation      3
   b - Animate Dead                   Necromancy                   4
   c - Control Undead                 Necromancy                   4
   d - Cigotuvi's Embrace             Necromancy                   5
   e - Death Channel                  Necromancy                   6
   f - Simulacrum                     Ice/Necromancy               6
Comestibles
 d - a bread ration
 P - 8 royal jellies
 S - 7 meat rations


   Skills:
 + Level 9.8 Fighting
 + Level 5.9 Armour
 - Level 2.4 Dodging
 - Level 2.4 Stealth
 - Level 5.0 Shields
 + Level 18.6 Spellcasting
 + Level 15.6 Conjurations
 - Level 4.0 Hexes
   Level 1.1 Summonings
 - Level 1.1 Translocations
 + Level 16.2 Fire Magic
 * Level 5.5 Ice Magic
 - Level 3.3 Air Magic
 - Level 6.1 Earth Magic


You had 23 spell levels left.
You knew the following spells:

 Your Spells              Type           Power        Failure   Level  Hunger
a - Conjure Flame         Conj/Fire      #######.     0%          3    None
b - Blink                 Tloc           N/A          1%          2    None
c - Mephitic Cloud        Conj/Pois/Air  ######..     1%          3    None
d - Slow                  Hex            ######..     1%          2    None
e - Searing Ray           Conj           ######       0%          2    None
f - Bolt of Cold          Conj/Ice       #######...   1%          6    None
h - Bolt of Magma         Conj/Fire/Erth #######...   1%          5    None
j - Magic Dart            Conj           ####         0%          1    None
z - Fireball              Conj/Fire      #######...   1%          5    None


Dungeon Overview and Level Annotations

Branches:
Dungeon (15/15)            Temple (1/1) D:6            Lair (6/6) D:10
  Swamp (4/4) Lair:3        Snake (1/4) Lair:4        Slime (0/5) Lair:6
    Orc (2/2) D:9          Vaults (0/5) D:13         Depths (0/5) D:15
    Elf: Orc:2

Altars:
Ashenzari
Dithmenos
Elyvilon
Gozag
Hepliaklqana
Kikubaaqudgha
Makhleb
Nemelex Xobeh
Okawaru
Qazlal
Sif Muna
Trog
Uskayaw
Vehumet
Zin
The Shining One
Beogh
Jiyva

Shops:
D:8 ?   D:9 *

Portals:
Hell: Lair:6
Ice
Cave: Swamp:4

Annotations:
Lair:5 exclusion: oklob plant
Orc:2 Azrael


Innate Abilities, Weirdness & Mutations

You have a pair of small horns on your head.
You are partially covered in molten scales. (AC +2)
Your mind is acute. (Int +2)
You passively map a small area around you.


Message History

* * * LOW HITPOINT WARNING * * *
A swamp worm comes into view.
Press: ? - help, v - describe, . - travel
Here: an eight-headed hydra (poison gas, water, lightly wounded) Some deep water.
You enter the shallow water.
Moving in this stuff is going to be slow.
You hear the crackling of a melting archway nearby.
The four-headed hydra is engulfed in spectral mist.
The alligator bites you!
* * * LOW HITPOINT WARNING * * *
The alligator tail-slaps you.
* * * LOW HITPOINT WARNING * * *
The swamp dragon is engulfed in spectral mist.
The eight-headed hydra bites you but does no damage. x2
You block the eight-headed hydra's attack.
The eight-headed hydra bites you.
* * * LOW HITPOINT WARNING * * *
The eight-headed hydra bites you!
You die...

≈≈≈≈,≈,,***≈..≈≈,♣≈...♣#..#f#♣♣≈.
≈≈≈≈≈,,,,*#≈.≈≈≈,♣≈≈≈≈♣#.#..#§§≈.
.≈≈≈,,,,*#♣.≈..♣*♣♣≈≈≈♣##..#†..≈.
.≈≈,,,,**≈≈≈.≈♣♣ ♣♣)≈≈≈###.i...≈
,≈≈,,,*#♣≈≈≈.w≈♣* ♣≈.≈§♣≈F..)≈≈≈
###.**##.≈≈≈..§.* ♣♣.≈≈≈♣.†≈≈≈≈≈♣
♣≈...#♣.≈≈≈≈§≈.♣♣♣♣Dw≈≈≈≈≈.≈≈≈≈.♣
≈,*♣.....≈w≈≈≈.≈t§ZDD§D≈.♣♣♣.....
≈≈≈..♣≈....≈.≈≈§@DntZ§§..♣ ♣≈.).≈
≈...≈...≈..≈♣.≈≈nnDDD§♣♣♣♣*♣♣≈♣..
...≈.♣.♣≈♣.♣♣.≈≈≈§fi..§♣ **,≈.≈♣♣
..§.,♣♣♣♣♣♣♣♣.≈≈≈≈≈D.≈≈♣ *≈≈≈≈,**
...≈≈≈* ♣.≈≈≈D≈≈.♣♣♣♣*♣≈≈≈≈*,
≈.,,≈** ♣.§≈≈≈≈≈≈≈..♣♣.≈≈.*,≈
≈,≈,** ♣≈≈≈.≈≈≈≈≈≈.♣.!♣,,,≈≈
,,≈,* ♣♣...≈≈≈≈≈≈≈≈§.♣≈≈≈≈≈ *≈,**
♣≈♣..§≈≈≈≈≈≈≈.♣≈≈≈,≈


You could see a thorn hunter, an ice dragon, an alligator, an eight-headed
hydra, a seven-headed hydra, a five-headed hydra, a four-headed hydra, 5 swamp
dragons, a tyrant leech, a ghost crab, a spriggan druid, a spectral tyrant
leech, a spectral swamp dragon, 3 bog bodies and 2 swamp worms.

Vanquished Creatures
  A tentacled monstrosity (Swamp:3)
  3 thorn hunters
  Kirke (Lair:4)
  2 entropy weavers (D:13)
  Josephine (Swamp:1)
  Snorg (D:13)
  The ghost of appiemonkey the Carver, a journeyman MiFi of Jiyva (D:12)
  2 naga warriors (Snake:1)
  2 ghost crabs
  A vault guard (D:13)
  19 hydras
  A centaur warrior (D:15)
  2 death knights (D:15)
  3 anacondas (Snake:1)
  7 alligators
  A tengu warrior (D:15)
  A queen ant (D:13)
  14 two-headed ogres
  An ogre mage (D:15)
  4 death yaks
  A shock serpent (Snake:1)
  A naga sharpshooter (Snake:1)
  2 spriggans
  A sun demon (Lair:6)
  Sonja (D:15)
  2 skeletal warriors (D:15)
  4 sea snakes (Snake:1)
  2 spriggan druids
  3 unseen horrors
  7 swamp dragons
  2 shambling mangroves
  A wizard (Lair:6)
  A lindwurm (Lair:6)
  A mana viper (Snake:1)
  A necromancer (D:12)
  3 orc knights
  A deep elf mage (D:13)
  The ghost of Stelteck the Geomancer, a novice GrEE of Vehumet (D:6)
  5 ugly things
  A manticore (D:13)
  An oklob plant (Lair:1)
  5 cyclopes
  14 elephants
  3 centaur zombies
  Joseph (D:7)
  12 black mambas
  A gargoyle (D:14)
  3 naga magi (Snake:1)
  26 spiny frogs
  5 rime drakes
  A freezing wraith (D:15)
  4 kobold demonologists
  4 ice devils (Lair:6)
  9 komodo dragons
  2 red devils (Lair:6)
  An efreet (D:14)
  A hellwing (Lair:6)
  3 meliai (D:15)
  5 tyrant leeches
  A queen bee (D:9)
  5 trolls
  9 hornets
  A polar bear (Lair:6)
  16 slime creatures
  16 blink frogs
  A meliai zombie (D:13)
  9 dream sheep
  15 hippogriffs
  4 bog bodies
  A vampire (D:12)
  2 shadows
  A centaur simulacrum (D:15)
  5 wraiths
  A fire elemental (Orc:1)
  51 yaks
  4 wyverns
  Grum (D:8)
  2 hogs (Snake:1)
  4 fire bats (D:10)
  A basilisk (D:13)
  A hungry ghost (D:13)
  23 vampire mosquitoes
  Menkaure (D:6)
  4 nagas (Snake:1)
  6 insubstantial wisps (Swamp:3)
  18 swamp worms
  22 water moccasins
  An acid dragon (D:12)
  22 soldier ants
  5 hell hounds
  11 porcupines
  5 swamp drakes
  12 orc warriors
  A hornet zombie (D:7)
  2 phantoms
  3 sky beasts
  2 black bears
  4 ice beasts
  An eye of draining (D:15)
  11 ogres
  2 necrophages (D:10)
  4 wolves (D:8)
  8 centaurs
  8 crocodiles
  6 big kobolds
  Blork the orc (D:6)
  18 bullfrogs
  2 wyvern skeletons
  A scorpion (D:4)
  15 killer bees (D:9)
  9 wights
  3 electric eels (Snake:1)
  5 howler monkeys
  4 bullfrog zombies
  2 lava snakes (D:10)
  9 crimson imps
  A quasit (D:6)
  6 centaur skeletons
  8 hounds
  3 jellies
  7 orc priests
  17 orc wizards
  2 bullfrog skeletons
  25 worker ants
  A yak simulacrum (D:12)
  3 iguanas
  4 polar bear simulacra (D:12)
  A wolf simulacrum (D:12)
  A killer bee zombie (D:7)
  3 worker ant zombies
  12 gnolls
  2 howler monkey skeletons
  20 adders
  4 shadow imps
  12 white imps (Lair:4)
  An ooze (D:3)
  An adder zombie (D:8)
  A worm (D:4)
  9 leopard geckos
  85 orcs
  A bat zombie (D:4)
  8 giant cockroaches
  31 hobgoblins
  10 jackals
  3 quokkas
  3 bats
  5 frilled lizards
  45 goblins
  A jackal skeleton (D:4)
  24 kobolds
  4 rats
  2 rat zombies (D:4)
  5 river rat simulacra (D:12)
  3 fire vortices (D:10)
986 creatures vanquished.

Vanquished Creatures (collateral kills)
  A killer bee (D:9)
1 creature vanquished.

Vanquished Creatures (others)
  2 hornets (Swamp:4)
  A spriggan (Swamp:4)
  A human (Snake:1)
  A killer bee (D:9)
  A wight (D:10)
  12 fungi
  10 plants
28 creatures vanquished.

Grand Total: 1015 creatures vanquished

Notes
Turn   | Place    | Note
-------+----------+-------------------------------------------
     0 | D:1      | poxvuibr the Deep Elf Wizard began the quest for the Orb.
     0 | D:1      | Reached XP level 1. HP: 10/10 MP: 7/7
   205 | D:1      | Reached XP level 2. HP: 15/15 MP: 1/9
   793 | D:1      | Reached skill level 5 in Spellcasting
  1305 | D:1      | Reached XP level 3. HP: 19/19 MP: 7/11
  1428 | D:2      | Learned a level 3 spell: Conjure Flame
  1439 | D:2      | Learned a level 2 spell: Blink
  1443 | D:2      | Learned a level 3 spell: Mephitic Cloud
  1510 | D:2      | Noticed a water elemental
  1512 | D:2      | Found a stormy altar of Qazlal.
  1515 | D:2      | Noticed an air elemental
  1515 | D:2      | Noticed a fire elemental
  1515 | D:2      | Noticed an earth elemental
  2140 | D:3      | Reached skill level 1 in Fire Magic
  2425 | D:3      | Reached XP level 4. HP: 24/24 MP: 11/13
  3417 | D:4      | Reached XP level 5. HP: 28/28 MP: 2/15
  3584 | D:4      | Reached skill level 6 in Spellcasting
  3964 | D:4      | Found an ancient bone altar of Kikubaaqudgha.
  4292 | D:5      | Entered Level 5 of the Dungeon
  4344 | D:5      | Noticed a centaur
  4680 | D:5      | Reached skill level 1 in Air Magic
  4680 | D:5      | Reached XP level 6. HP: 32/32 MP: 9/17
  5520 | D:5      | Reached XP level 7. HP: 28/36 MP: 12/19
  5875 | D:4      | Reached skill level 7 in Spellcasting
  6679 | D:5      | Reached skill level 5 in Fire Magic
  7222 | D:5      | Reached skill level 5 in Conjurations
  7222 | D:5      | Reached XP level 8. HP: 41/41 MP: 12/21
  7719 | D:5      | Reached skill level 8 in Spellcasting
  8492 | D:6      | Noticed Blork the orc
  8502 | D:6      | Killed Blork the orc
  8665 | D:6      | Found a staircase to the Ecumenical Temple.
  8821 | Temple   | Entered the Ecumenical Temple
  8934 | Temple   | Became a worshipper of Vehumet
  8981 | D:6      | Noticed Menkaure
  9281 | D:7      | Reached skill level 9 in Spellcasting
  9417 | D:7      | Found an opulent altar of Gozag.
  9418 | D:7      | Found a deep blue altar of Sif Muna.
  9518 | D:7      | Noticed Joseph
  9536 | D:7      | Killed Joseph
  9724 | D:7      | Reached XP level 9. HP: 45/45 MP: 14/24
 10213 | D:8      | Noticed Grum
 10221 | D:8      | Killed Grum
 10221 | D:8      | Reached skill level 1 in Shields
 10578 | D:8      | Got a spiked chain mail
 10607 | D:8      | Found a hazy altar of Hepliaklqana.
 11047 | D:8      | Reached * piety under Vehumet
 11047 | D:8      | Offered knowledge of Sandblast by Vehumet.
 11102 | D:8      | Found an iron altar of Okawaru.
 11324 | D:8      | Reached skill level 10 in Spellcasting
 11853 | D:8      | Found Igestue's Magic Scroll Boutique.
 11858 | D:8      | Bought a scroll of teleportation for 36 gold pieces
 11858 | D:8      | Bought a scroll of blinking for 90 gold pieces
 11858 | D:8      | Bought a scroll of teleportation for 36 gold pieces
 11858 | D:8      | Bought a scroll of enchant armour for 90 gold pieces
 11858 | D:8      | Bought a scroll of amnesia for 42 gold pieces
 12022 | D:8      | Found a glowing golden altar of the Shining One.
 12325 | D:9      | Noticed a two-headed ogre
 12831 | D:9      | Found a sparkling altar of Nemelex Xobeh.
 12911 | D:9      | Noticed a queen bee
 12926 | D:9      | Killed a queen bee
 12926 | D:9      | Reached XP level 10. HP: 50/50 MP: 1/26
 13259 | D:9      | Reached ** piety under Vehumet
 13259 | D:9      | Offered knowledge of Sting by Vehumet.
 13266 | D:9      | Reached skill level 5 in Shields
 13616 | D:9      | Noticed a two-headed ogre
 13680 | D:9      | Noticed a two-headed ogre
 14083 | D:9      | Found Wuzoakic's Assorted Antiques.
 14198 | D:9      | Found a staircase to the Orcish Mines.
 14202 | D:9      | Bought a fizzy red potion for 31 gold pieces
 14202 | D:9      | Bought 2 fizzy clear potions for 63 gold pieces
 14206 | D:9      | Reached skill level 11 in Spellcasting
 14208 | D:9      | Found a roughly hewn altar of Beogh.
 14577 | D:10     | Entered Level 10 of the Dungeon
 16014 | D:10     | Found a staircase to the Lair.
 16033 | Lair:1   | Entered Level 1 of the Lair of Beasts
 16033 | Lair:1   | Noticed an oklob plant
 16341 | Lair:1   | Noticed a spiny frog
 16356 | Lair:1   | Learned a level 2 spell: Slow
 16411 | Lair:1   | Noticed a four-headed hydra
 16455 | Lair:1   | Killed a four-headed hydra
 16749 | Lair:1   | Reached skill level 12 in Spellcasting
 16970 | Lair:1   | Reached skill level 10 in Fire Magic
 17109 | Lair:1   | Killed a spiny frog
 17109 | Lair:1   | Reached skill level 1 in Hexes
 17109 | Lair:1   | Reached XP level 11. HP: 39/54 MP: 23/29
 17928 | Lair:1   | Offered knowledge of Searing Ray by Vehumet.
 18606 | Lair:2   | Reached skill level 10 in Conjurations
 18883 | Lair:2   | Reached *** piety under Vehumet
 19092 | Lair:2   | Reached skill level 13 in Spellcasting
 19633 | Lair:2   | You fall through a shaft for 2 floors!
 19648 | Lair:3   | Learned a level 2 spell: Searing Ray
 20326 | Lair:3   | Found a staircase to the Swamp.
 21793 | Lair:3   | Reached XP level 12. HP: 26/59 MP: 21/31
 22433 | Lair:4   | Offered knowledge of Stone Arrow by Vehumet.
 22510 | Lair:4   | Reached skill level 14 in Spellcasting
 22582 | Lair:4   | Reached skill level 1 in Fighting
 23666 | D:10     | Got a slimy brass ring
 23667 | D:10     | Identified the ring "Nereegut" {rPois rF+ Dex-5 Stlth-} (You found it on level 10 of the Dungeon)
 24193 | D:9      | Killed a two-headed ogre
 24211 | D:9      | Killed a two-headed ogre
 24211 | D:9      | Reached **** piety under Vehumet
 24366 | D:9      | Killed a two-headed ogre
 24560 | D:9      | Found a sparkling altar of Nemelex Xobeh.
 24718 | D:9      | Found Wuzoakic's Assorted Antiques.
 24722 | D:9      | Found a staircase to the Orcish Mines.
 24732 | D:9      | Found a roughly hewn altar of Beogh.
 24963 | D:6      | Offered knowledge of Bolt of Magma by Vehumet.
 24970 | D:6      | Learned a level 5 spell: Bolt of Magma
 25082 | D:6      | Noticed Stelteck's ghost (novice GrEE)
 25089 | D:6      | Killed Stelteck's ghost
 25388 | D:6      | Killed Menkaure
 27568 | D:11     | Gained mutation: Your muscles are strong. (Str +2) [potion of mutation]
 27568 | D:11     | Gained mutation: Your skin changes colour to match your surroundings (Stealth+). [potion of mutation]
 27568 | D:11     | Gained mutation: You passively map a small area around you. [potion of mutation]
 27568 | D:11     | Gained mutation: Your muscles are very strong. (Str +4) [potion of mutation]
 27569 | D:11     | Lost mutation: Your muscles are very strong. (Str +4) [potion of mutation]
 27569 | D:11     | Lost mutation: Your muscles are strong. (Str +2) [potion of mutation]
 27569 | D:11     | Gained mutation: You do not regenerate when monsters are visible. [potion of mutation]
 27569 | D:11     | Gained mutation: You are dopey. (Int -2) [potion of mutation]
 27569 | D:11     | Gained mutation: You are partially covered in molten scales. (AC +2) [potion of mutation]
 27570 | D:11     | Lost mutation: You are dopey. (Int -2) [potion of mutation]
 27570 | D:11     | Lost mutation: You do not regenerate when monsters are visible. [potion of mutation]
 27570 | D:11     | Lost mutation: Your skin changes colour to match your surroundings (Stealth+). [potion of mutation]
 27570 | D:11     | Gained mutation: Your muscles are strong. (Str +2) [potion of mutation]
 27570 | D:11     | Lost mutation: Your muscles are strong. (Str +2) [potion of mutation]
 27570 | D:11     | Gained mutation: Your mind is acute. (Int +2) [potion of mutation]
 27570 | D:11     | Gained mutation: You have a pair of small horns on your head. [potion of mutation]
 27788 | D:11     | Noticed a two-headed ogre
 27791 | D:11     | Killed a two-headed ogre
 27880 | D:11     | Reached skill level 15 in Spellcasting
 28469 | D:11     | Reached ***** piety under Vehumet
 28469 | D:11     | Offered knowledge of Spellforged Servitor by Vehumet.
 28608 | D:11     | Found a bloodstained altar of Trog.
 29021 | D:12     | Reached XP level 13. HP: 70/70 MP: 18/34
 29468 | D:12     | Noticed appiemonkey's ghost (journeyman MiFi)
 29478 | D:12     | Killed appiemonkey's ghost
 31253 | Lair:4   | Reached skill level 5 in Fighting
 31827 | Lair:4   | Found a staircase to the Snake Pit.
 33537 | Lair:6   | Entered Level 6 of the Lair of Beasts
 33543 | Lair:6   | Reached skill level 1 in Earth Magic
 33794 | Lair:6   | Reached skill level 16 in Spellcasting
 34835 | Lair:6   | Reached XP level 14. HP: 80/80 MP: 25/36
 35239 | Lair:6   | Offered knowledge of Ozocubu's Refrigeration by Vehumet.
 36885 | Lair:6   | Found a viscous altar of Jiyva.
 36885 | Lair:6   | Found a staircase to the Slime Pits.
 37547 | Lair:6   | Reached skill level 5 in Earth Magic
 38407 | Lair:6   | Found a burning altar of Makhleb.
 38412 | Lair:6   | Found a gateway to Hell.
 39033 | D:13     | Noticed an entropy weaver
 39683 | D:13     | Killed an entropy weaver
 40110 | D:13     | Noticed Snorg
 40117 | D:13     | Killed Snorg
 40306 | D:13     | Found a gate to the Vaults.
 40866 | D:13     | Noticed an entropy weaver
 40870 | D:13     | Killed an entropy weaver
 41296 | D:13     | Identified a scroll of acquirement
 41390 | D:13     | Reached skill level 1 in Armour
 41581 | D:14     | Reached XP level 15. HP: 88/88 MP: 28/37
 41585 | D:14     | Offered knowledge of Fireball by Vehumet.
 41591 | D:14     | Got an ichor-stained helmet
 41756 | D:13     | Learned a level 5 spell: Fireball
 42017 | D:14     | Reached skill level 17 in Spellcasting
 42389 | D:14     | Got a faintly glowing scale mail
 42581 | D:15     | Entered Level 15 of the Dungeon
 43364 | D:15     | Noticed Sonja
 43366 | D:15     | Killed Sonja
 43803 | D:15     | Found a staircase to the Depths.
 44233 | D:15     | Reached skill level 15 in Fire Magic
 44788 | D:15     | Noticed a fire giant
 46059 | Orc:1    | Entered Level 1 of the Orcish Mines
 46393 | Orc:1    | Offered knowledge of Irradiate by Vehumet.
 46892 | Orc:2    | Entered Level 2 of the Orcish Mines
 46897 | Orc:2    | Noticed Azrael
 47403 | Snake:1  | Entered Level 1 of the Snake Pit
 47593 | Snake:1  | Noticed Kirke
 47643 | Lair:4   | Killed Kirke
 48706 | Snake:1  | Reached skill level 15 in Conjurations
 49161 | Swamp:1  | Entered Level 1 of the Swamp
 49277 | Swamp:1  | Noticed Josephine
 49284 | Swamp:1  | Killed Josephine
 49528 | Swamp:1  | Reached XP level 16. HP: 96/96 MP: 16/39
 50125 | Swamp:1  | Got a dazzling trident
 50127 | Swamp:1  | Reached skill level 18 in Spellcasting
 50829 | Swamp:2  | Reached skill level 5 in Armour
 51031 | Lair:3   | Offered knowledge of Bolt of Cold by Vehumet.
 51039 | Lair:3   | Learned a level 6 spell: Bolt of Cold
 51430 | Swamp:2  | Reached skill level 1 in Ice Magic
 51752 | Swamp:2  | Noticed a thorn hunter
 51755 | Swamp:2  | Killed a thorn hunter
 52086 | Swamp:3  | Noticed a thorn hunter
 52090 | Swamp:3  | Killed a thorn hunter
 52712 | Swamp:3  | Got a sparkling jade amulet
 53328 | Swamp:3  | Noticed a tentacled monstrosity
 53333 | Swamp:3  | Killed a tentacled monstrosity
 53588 | Swamp:3  | Reached skill level 5 in Ice Magic
 54119 | Swamp:4  | Entered Level 4 of the Swamp
 54119 | Swamp:4  | Noticed a thorn hunter
 54122 | Swamp:4  | Killed a thorn hunter
 54152 | Swamp:4  | Identified the amulet "Bieceeb" {Inacc *Drain rElec rN+++ Dex-4} (You found it on level 3 of the Swamp)
 54177 | Swamp:4  | Got a scorched granite ring
 54359 | Swamp:4  | Found a frozen archway.
 54370 | Swamp:4  | Noticed a thorn hunter
 54385 | Swamp:4  | Noticed a thorn hunter
 54389 | Swamp:4  | Slain by an eight-headed hydra

Skill      XL: |  1  2  3  4  5  6  7  8  9 10 11 12 13 14 15 16 |
---------------+-------------------------------------------------+-----
Conjurations   | 2 3 5 6 8 9 11 12 13 14 15 | 15.6
Spellcasting   | 5 6 7 9 10 12 13 15 16 17 18 | 18.6
Fire Magic     | 1 2 3 4 5 7 8 10 11 12 13 14 15 16 | 16.2
Air Magic      | 1 2 3 |  3.3
Shields        | 4 5 |  5.0
Hexes          | 1 4 |  4.0
Fighting       | 4 6 7 9 |  9.8
Earth Magic    | 3 6 |  6.1
Armour         | 1 4 5 |  5.9
Ice Magic      | 5 |  5.5
Dodging        | |  2.4
Stealth        | |  2.4
Summonings     | |  1.1
Translocations | |  1.1

Action                   |  1- 3 |  4- 6 |  7- 9 | 10-12 | 13-15 | 16-18 || total
-------------------------+-------+-------+-------+-------+-------+-------++-------
Melee: Club              |     9 |       |       |       |       |       ||     9
       Staff             |       |    15 |     9 |     6 |    52 |    36 ||   118
       Headbutt          |       |       |       |       |     4 |     2 ||     6
 Cast: Magic Dart        |    94 |   167 |   398 |   664 |    97 |       ||  1420
       Conjure Flame     |     2 |    10 |    57 |    96 |    20 |     4 ||   189
       Mephitic Cloud    |       |     8 |    69 |    48 |    28 |       ||   153
       Blink             |       |       |     1 |    12 |     7 |     6 ||    26
       Slow              |       |       |       |    17 |     2 |       ||    19
       Searing Ray       |       |       |       |    85 |     8 |       ||    93
       Bolt of Magma     |       |       |       |    83 |   498 |    50 ||   631
       Fireball          |       |       |       |       |   158 |   186 ||   344
Evoke: Wand              |       |       |       |     9 |     6 |     2 ||    17
  Use: Scroll            |       |       |     3 |    22 |    12 |     6 ||    43
       Potion            |       |       |       |    11 |     3 |     3 ||    17
  Eat: Chunk             |     4 |     5 |     6 |    20 |    31 |     1 ||    67
       Meat ration       |       |     1 |       |     2 |       |       ||     3
       Fruit             |       |       |     4 |     2 |    10 |       ||    16
       Bread ration      |       |       |     1 |     3 |     5 |     3 ||    12
       Royal jelly       |       |       |     4 |     2 |       |       ||     6
Armor: Robe              |     7 |     7 |    10 |    16 |    60 |     3 ||   103
       Troll leather arm |       |       |       |       |       |    38 ||    38
Dodge: Dodged            |    18 |    20 |    44 |    96 |   113 |    58 ||   349
Block: Buckler           |       |       |       |    37 |    48 |    29 ||   114
